 Dungeon Crawl Stone Soup version 0.28-a0-932-g843f935a50 (webtiles) character file.

Game seed: 18250632331497271768

1010 spiderkeys the Skirmisher (level 8, -4/64 HPs)
             Began as a Barachi Abyssal Knight on Nov 28, 2021.
             Was a Follower of Lugonu.
             Slain by Prince Ribbit (8 damage)
             ... in the Ecumenical Temple.
             The game lasted 00:12:01 (3248 turns).

spiderkeys the Skirmisher (Barachi Abyssal Knight)  Turns: 3248, Time: 00:12:02

Health: -4/64      AC:  6    Str: 15    XL:     8   Next: 21%
Magic:  11/11      EV: 13    Int: 10    God:    Lugonu [*.....]
Gold:   151        SH:  0    Dex: 15    Spells: 7/7 levels left

rFire   . . .      SeeInvis .   a - +1 falchion
rCold   . . .      Faith    .   (no shield)
rNeg    . . .      Spirit   .   b - +0 leather armour
rPois   .          Reflect  .   (no helmet)
rElec   .          Harm     .   (no cloak)
rCorr   .          Rampage  .   e - +0 pair of gloves
Will    .....                   o - +0 pair of boots
Stlth   +.........              (no amulet)
HPRegen 0.20/turn               (no ring)
MPRegen 0.12/turn               (no ring)

@: unable to hop, slow
A: amphibious, slowness 1, strong legs 1, +LOS
a: Hop, Renounce Religion, Depart the Abyss


You were in the Ecumenical Temple.
You worshipped Lugonu.
Lugonu was aware of your devotion.
You visited 2 branches of the dungeon, and saw 6 of its levels.
You visited the Abyss 1 time.

You collected 151 gold pieces.


Innate Abilities, Weirdness & Mutations

You are amphibious.
You cover ground slowly.
You can hop short distances.
You have an extended range of vision and can be seen from far away.


   Skills:
 + Level 6.1 Fighting
 + Level 5.5 Long Blades
 - Level 5.0 Armour
 + Level 4.7 Dodging
 + Level 4.1 Invocations


You had 7 spell levels left.
You didn't know any spells.
Your spell library contained the following spells:

 Spells                   Type           Power      Damage    Failure   Level
 Blink                    Tloc           0%         N/A       56%         2
 Lesser Beckoning         Tloc           0%         N/A       80%         3
 Manifold Assault         Tloc           0%         N/A       100%        5
 Summon Forest            Summ/Tloc      0%         N/A       100%        5
 Eringya's Noxious Bog    Tmut/Pois      0%         N/A       100%        6
 Storm Form               Tmut/Air       0%         N/A       100%        7
 Summon Hydra             Summ           0%         N/A       100%        7

Inventory:

Hand Weapons
 a - a +1 falchion (weapon)
Missiles
 d - 2 silver javelins
 g - 66 stones
 j - 18 poisoned darts
 k - 79 arrows
 n - 10 sling bullets
Armour
 b - a +0 leather armour (worn)
 e - a +0 pair of gloves (worn)
   (You found it on level 1 of the Dungeon)
 o - a +0 pair of boots (worn)
   (You found it on level 3 of the Dungeon)
Magical Staves
 c - a staff of air {!a}
   (You found it on level 5 of the Dungeon)
Scrolls
 h - a scroll of amnesia
Potions
 l - a potion of lignification {!q}

Dungeon Overview and Level Annotations

Branches:
Dungeon (6/15)             Temple (1/1) D:5

Altars:
Hepliaklqana
Zin

Shops:
D:5 [

Annotations:
Temple Prince Ribbit

..≈≈≈≈._.≈≈≈≈.. .
.≈≈≈≈...≈≈≈≈. .
.. ≈≈≈≈≈≈≈≈≈≈≈ ..
≈≈≈ ≈#≈≈≈≈≈#≈ ≈≈≈
≈≈≈≈#≈≈≈≈≈≈≈#≈≈≈≈
≈≈≈#≈≈≈≈≈≈≈≈≈#≈≈≈
≈≈≈≈≈≈≈...≈≈≈≈≈≈≈
..≈≈≈≈.....≈≈≈≈..
8.≈≈≈≈.F@..≈≈≈≈.8
..≈≈≈≈.....≈≈≈≈..
≈≈≈≈≈≈≈...≈≈≈≈≈≈≈
≈≈≈#≈≈≈≈≈≈≈≈≈#≈≈≈
≈≈≈≈#≈≈≈≈≈≈≈#≈≈≈≈
≈≈≈ ≈#≈≈≈≈≈#≈ ≈≈≈
.. ≈≈≈≈≈≈≈≈≈≈≈ ..
. .≈≈≈≈...≈≈≈≈. .
..≈≈≈≈._.≈≈≈≈..


You could see Prince Ribbit.


Message History

😨 HP[+1]
k - 79 arrows (gained 32)
You start resting. 😎 HP[+35]
Your hp is fully restored (64).
c - a staff of air {!a}
There is an open door here.
Found Pibus's Armour Shoppe.
You set off the alarm!
A sentinel's mark forms upon you.
You hear a shout!
You hear a loud, deep croak!
You hear a shout! x5
There is an open door here.
As you read the scroll labelled DITE UJYEG, it crumbles to dust.
It is a scroll of amnesia.
You feel forgetful for a moment.
As you read the scroll labelled KAWNUV URANICA, it crumbles to dust.
You assume a fearsome visage.
Nothing appears to happen.
It was a scroll of fear.
A gnoll comes into view. It is wielding a +0 club.
Okay, then.
Prince Ribbit blinks!
You open the door.
Prince Ribbit blinks!
There is an open door here.
The sentinel's mark upon you fades away.
As you open the door, it creaks loudly!
There is an open door here.
An orc comes into view. It is wielding a +0 war axe.
Okay, then.
An orc wizard comes into view. It is wielding a +0 dagger.
The orc wizard casts a spell at you. You resist with some effort.
Hop to where?
Press: ? - help, Dir - move target An orc priest comes into view.
It is wielding a +0 club.
Boing!
The orc priest shouts!
The orc priest looks satisfied for a moment.
The orc priest invokes the aid of Beogh against you.
Beogh smites you!
You hear a shout!
There is an abandoned shop here. 😕 HP[-14]
You take 14 damage, and now have 50/64 hp.
MASSIVE DAMAGE!! (PAUSE)
Found a staircase to the Ecumenical Temple.
The orc wizard hits you but does no damage.
An orc and an orc wizard come into view.
The orc wizard is wielding a +2 dagger of pain.
The orc wizard shouts!
The orc shouts!
There is an abandoned shop here.
The orc wizard points at you and mumbles some strange words.
You are confused.
You bump into the rock wall.
The orc wizard hits you but does no damage.
The orc closely misses you.
Prince Ribbit sighs, "It's not easy being green!"
The orc wizard barely misses you. 😕 HP[+1]
The orc wizard hits you but does no damage.
The orc closely misses you.
You slash the orc wizard!
The orc wizard hits you but does no damage.
The orc priest hits you but does no damage.
The orc wizard hits you but does no damage.
The orc barely misses you.
The orc priest looks satisfied for a moment.
You closely miss Prince Ribbit.
You feel less confused. Prince Ribbit hits you.
Prince Ribbit hits you! 😮 HP[-14]
You take 14 damage, and now have 37/64 hp.
MASSIVE DAMAGE!! (PAUSE) Prince Ribbit barely misses you.
There is an open door here.
Prince Ribbit misses you. Prince Ribbit hits you.
There is a staircase to the Ecumenical Temple here. 😮 HP[-2]
You take 2 damage, and now have 35/64 hp.
Prince Ribbit hits you!
* * * LOW HITPOINT WARNING * * *
You climb downwards.
Welcome to the Ecumenical Temple!
Found a glowing silver altar of Zin and a hazy altar of Hepliaklqana.
There is a staircase back to the Dungeon here. 😨 HP[-17]
You take 17 damage, and now have 18/64 hp.
MASSIVE DAMAGE!! (PAUSE)
You barely miss Prince Ribbit. Prince Ribbit hits you!
* * * LOW HITPOINT WARNING * * *
Prince Ribbit barely misses you. 😱 HP[-15]
You take 15 damage, and now have 3/64 hp.
MASSIVE DAMAGE!! (PAUSE)
Okay, then.
Okay, then.
You miss Prince Ribbit. Prince Ribbit misses you.
You hit Prince Ribbit.
Prince Ribbit closely misses you. 😱 HP[+1]
You slash Prince Ribbit! Prince Ribbit hits you!
You die...

Skill      XL: |  1  2  3  4  5  6  7  8 |
---------------+-------------------------+-----
Fighting       | 4 5 6 |  6.1
Long Blades    | 3 4 5 |  5.5
Armour         | 3 4 5 |  5.0
Dodging        | 2 3 4 |  4.7
Invocations    | 2 3 4 |  4.1

Action                   |  1- 3 |  4- 6 |  7- 9 || total
-------------------------+-------+-------+-------++-------
Melee: Falchion          |       |     1 |   227 ||   228
Throw: Javelin           |       |       |     4 ||     4
       Dart              |       |       |     1 ||     1
Invok: Depart the Abyss  |       |       |     1 ||     1
 Abil: Hop               |       |       |     3 ||     3
  Use: Scroll            |     1 |       |     4 ||     5
       Potion            |       |       |     5 ||     5
Armor: Leather armour    |       |       |    75 ||    75
       Skin              |       |       |    16 ||    16
Dodge: Dodged            |       |     1 |   188 ||   189

Levels and vault maps discovered:
D:1:      dpeg_arrival_arbitrary_c, layout_loops_ring,
          chequers_ecumenical_altar_island
D:2:      layout_loops_ring, small_statue_intersection, minmay_octomino_e4,
          uniq_natasha
D:3:      layout_basic, eino_tiny_chamber, hex_tiny, nicolae_figureground_pulse,
          uniq_crazy_yiuf_cottage
D:5:      layout_gridville, minmay_temple_entry_hall, serial_shops,
          nicolae_shop_competitors_out_of_business, uniq_prince_ribbit1
D:6:      wad_woods_stonehenge, layout_layer_cave, uniq_menkaure, uniq_grinder,
          uniq_eustachio
Temple:   regret_index_temple_mists

Notes
Turn   | Place    | Note
-------+----------+-------------------------------------------
     0 | Abyss:1  | spiderkeys the Barachi Abyssal Knight began the quest for
                  | the Orb.
     0 | Abyss:1  | Reached XP level 1. HP: 18/18 MP: 2/2
     0 | Abyss:1  | magus.rc [v1.9.10]
    48 | Abyss:2  | You add the spells Blink, Manifold Assault and Storm Form
                  | to your library.
    82 | Abyss:3  | Found a snail-covered altar of Cheibriados.
   107 | Abyss:3  | Noticed a small abomination
   111 | Abyss:3  | Noticed a small abomination
   119 | Abyss:3  | Killed a small abomination
   120 | Abyss:3  | Reached skill level 4 in Fighting
   120 | Abyss:3  | Reached skill level 3 in Long Blades
   120 | Abyss:3  | Reached skill level 3 in Armour
   120 | Abyss:3  | Reached skill level 2 in Dodging
   120 | Abyss:3  | Reached skill level 2 in Invocations
   120 | Abyss:3  | Reached XP level 2. HP: 26/26 MP: 3/3
   120 | Abyss:3  | Reached XP level 3. HP: 31/31 MP: 4/4
   120 | Abyss:3  | Reached XP level 4. HP: 38/38 MP: 5/5
   120 | Abyss:3  | Reached XP level 5. HP: 43/43 MP: 6/6
   125 | Abyss:3  | Noticed a fire bat
   127 | Abyss:3  | Noticed a fire bat
   127 | Abyss:3  | Noticed a fire bat
   129 | Abyss:3  | Killed a fire bat
   130 | Abyss:3  | Reached skill level 4 in Long Blades
   130 | Abyss:3  | Reached skill level 4 in Armour
   130 | Abyss:3  | Reached skill level 3 in Dodging
   130 | Abyss:3  | Reached XP level 6. HP: 50/50 MP: 6/8
   131 | Abyss:3  | Killed a fire bat
   132 | Abyss:3  | Reached skill level 5 in Fighting
   132 | Abyss:3  | Reached skill level 3 in Invocations
   133 | Abyss:3  | Killed a fire bat
   134 | Abyss:3  | Reached XP level 7. HP: 56/56 MP: 6/9
   164 | Abyss:4  | Noticed a spatial maelstrom
   172 | D:1      | You pass through the gate.
   172 | D:1      | Escaped the Abyss
   468 | D:1      | You pick up a book of Spatial Translocations and begin
                  | reading...
  1033 | D:1      | Found a faded altar of an unknown god.
  1312 | D:2      | Reached * piety under Lugonu
  1384 | D:2      | Noticed Natasha
  1396 | D:2      | Killed Natasha
  1741 | D:2      | Noticed Natasha
  1747 | D:2      | Killed Natasha
  2144 | D:2      | Noticed Natasha
  2155 | D:2      | Killed Natasha
  2402 | D:3      | You add the spells Summon Forest, Eringya's Noxious Bog and
                  | Summon Hydra to your library.
  2482 | D:3      | You fall into a shaft and drop 2 floors!
  2482 | D:5      | Entered Level 5 of the Dungeon
  2513 | D:6      | Reached skill level 5 in Long Blades
  2513 | D:6      | Reached skill level 5 in Armour
  2513 | D:6      | Reached skill level 4 in Dodging
  2821 | D:5      | Reached XP level 8. HP: 64/64 MP: 10/10
  2874 | D:5      | Reached skill level 6 in Fighting
  2874 | D:5      | Reached skill level 4 in Invocations
  2879 | D:5      | HP: 14/62 [wyvern zombie (13)]
  2879 | D:5      | HP: 6/62 [wyvern zombie (8)]
  2886 | D:5      | HP: 10/93 [wyvern zombie (3)]
  2891 | D:5      | HP: 21/93 [wyvern zombie (4)]
  2898 | D:5      | HP: 23/93 [wyvern zombie (3)]
  3000 | D:5      | Noticed Prince Ribbit
  3198 | D:5      | Found Pibus's Armour Shoppe.
  3230 | D:5      | Found a staircase to the Ecumenical Temple.
  3244 | Temple   | Entered the Ecumenical Temple
  3245 | Temple   | HP: 3/64 [Prince Ribbit (15)]
  3248 | Temple   | Slain by Prince Ribbit

Vanquished Creatures
  A necrophage (D:5)
  A wyvern zombie (D:5)
  A scorpion (D:6)
  A howler monkey (D:5)
  A jelly (D:6)
  Natasha (thrice) (D:2)
  4 gnolls
  2 adders
  A river rat (D:6)
  2 ufetubi (D:5)
  A dart slug (D:2)
  An orc (D:5)
  2 ball pythons
  7 endoplasms
  2 giant cockroaches (D:2)
  4 goblins
  A hobgoblin (D:1)
  5 kobolds
  3 quokkas (D:2)
  3 bats (D:2)
  3 frilled lizards
  3 rats
52 creatures vanquished.

Vanquished Creatures (collateral kills)
  3 fire bats (Abyss:3)
  A small abomination (Abyss:3)
4 creatures vanquished.

Vanquished Creatures (others)
  45 plants (D:6)
45 creatures vanquished.

Grand Total: 101 creatures vanquished

Table legend:
 A = Non-vault XP
 B = Vault XP
 C = Vault XP percentage of total XP
 D = Non-vault monster count
 E = Vault monster count
 F = Vault count percentage of total count
                 A         B        C        D         E       F
            +---------+---------+-------+---------+---------+-------
      Total |    1387 |      57 |   3.9 |      50 |       6 |  10.7
            +---------+---------+-------+---------+---------+-------
        D:1 |      34 |       0 |   0.0 |      13 |       0 |   0.0
        D:2 |     108 |      44 |  28.9 |      18 |       5 |  21.7
        D:3 |       4 |       0 |   0.0 |       3 |       0 |   0.0
        D:5 |     316 |       0 |   0.0 |       9 |       0 |   0.0
        D:6 |     139 |      13 |   8.6 |       3 |       1 |  25.0
    Abyss:3 |     786 |       0 |   0.0 |       4 |       0 |   0.0
            +---------+---------+-------+---------+---------+-------

Illustrated notes

Table legend:
 A = Kills in this place as a percentage of kills in entire the game.
 B = Kills by you in this place as a percentage of kills by you in the entire game.
 C = Kills by friends in this place as a percentage of kills by friends in the entire game.
 D = Other kills in this place as a percentage of other kills in the entire game.
 E = Experience gained in this place as a percentage of experience gained in the entire game.
 F = Experience gained in this place divided by the number of levels of this place that you have seen.
                   A       B       C       D       E      F
               +-------+-------+-------+-------+-------+----------------------
         Total | 100.0 | 100.0 | 100.0 |   N/A | 100.0 | 144.4
       Dungeon |  92.9 | 100.0 |   0.0 |   N/A |  45.6 | 131.6
         Abyss |   7.1 |   0.0 | 100.0 |   N/A |  54.4 | 196.5
               +-------+-------+-------+-------+-------+----------------------

Table legend: (Time is in decaauts)
 A = Elapsed time spent in this place.
 B = Non-inter-level travel time spent in this place.
 C = Inter-level travel time spent in this place.
 D = Time resting spent in this place.
 E = Time spent auto-exploring this place.
 F = Levels seen in this place.
 G = Mean time per level.
                   A        B        C        D        E       F      G
               +--------+--------+--------+--------+--------+-----+--------+
         Total |   3573 |   3518 |     55 |    741 |   2031 |  10 |  357.3 |
       Dungeon |   3369 |   3314 |     55 |    741 |   2010 |   5 |  673.8 |
        Temple |      3 |      3 |      0 |      0 |      0 |   1 |    3.0 |
         Abyss |    199 |    199 |      0 |      0 |     20 |   4 |   49.8 |
               +--------+--------+--------+--------+--------+-----+--------+

Top non-repeatable levels by time:
     D:1: 1253 daAuts
     D:2: 1194 daAuts
     D:5: 477 daAuts
     D:6: 312 daAuts
     D:3: 132 daAuts
 Abyss:3: 74 daAuts
 Abyss:2: 51 daAuts
 Abyss:1: 44 daAuts
 Abyss:4: 29 daAuts
  Temple: 3 daAuts
